 Dungeon Crawl Stone Soup version 0.29.1-2-gbd0b4ee654 (webtiles) character file.

Game seed: 4621636637318933592

140 DemonSlayer the Firebug (level 5, 0/35 HPs)
             Began as a Demonspawn Fire Elementalist on Oct 29, 2022.
             Slain by a gnoll
             ... wielding a +0 club
              (3 damage)
             ... on level 3 of the Dungeon.
             The game lasted 00:05:19 (3736 turns).

DemonSlayer the Firebug (DsFE)                      Turns: 3736, Time: 00:05:20

Health: 0/35       AC:  3    Str: 14    XL:     5   Next: 2%
Magic:  1/9        EV: 12    Int: 18    God:
Gold:   100        SH:  0    Dex: 14    Spells: 4/10 levels left

rFire   . . .      SeeInvis .   j - +0 short sword
rCold   . . .      Faith    .   (no shield)
rNeg    . . .      Spirit   .   a - +1 robe
rPois   .          Reflect  .   (no helmet)
rElec   .          Harm     .   (no cloak)
rCorr   .          Rampage  .   (no gloves)
Will    .....                   (no boots)
Stlth   ++........              (no amulet)
HPRegen 0.11/turn               i - +6 ring of strength
MPRegen 0.11/turn               (no ring)

@: no status effects
A: claws 1, spiny 1
a: no special abilities


You were on level 3 of the Dungeon.
You visited 1 branch of the dungeon, and saw 3 of its levels.

You collected 100 gold pieces.

Inventory:

Hand Weapons
 j - a +0 short sword (weapon)
Missiles
 g - 2 throwing nets
Armour
 a - a +1 robe (worn)
Jewellery
 i - a +6 ring of strength (left claw)
Scrolls
 b - 2 scrolls of teleportation
 o - a scroll of enchant armour
Potions
 d - a potion of lignification
 e - 2 potions of might
 h - a potion of magic
 l - 2 potions of resistance
 m - 2 potions of curing {unknown}


   Skills:
 + Level 0.1 Fighting
 + Level 0.1 Short Blades
 + Level 1.9 Dodging
 + Level 2.4 Stealth
 + Level 0.2 Unarmed Combat
 + Level 3.2 Spellcasting
 + Level 2.0 Conjurations
 + Level 3.6 Fire Magic


You had 4 spell levels left.
You knew the following spells:

 Your Spells              Type           Power      Damage    Failure   Level
a - Foxfire               Conj/Fire      52%        2x1d6     4%          1
b - Scorch                Fire           32%        2d7       5%          2
c - Conjure Flame         Conj/Fire      13%        6-21      16%         3

Your spell library contained the following spells:

 Spells                   Type           Power      Damage    Failure   Level
 Inner Flame              Hex/Fire       9%         N/A       22%         3
 Frozen Ramparts          Ice            4%         1d1       43%         3
 Flame Wave               Conj/Fire      13%        2d6       45%         4
 Ice Form                 Ice/Tmut       2%         N/A       85%         4
 Summon Ice Beast         Ice/Summ       2%         N/A       85%         4


Dungeon Overview and Level Annotations

Branches:
Dungeon (3/15)

Altars:


Innate Abilities, Weirdness & Mutations

You have sharp fingernails.
You are partially covered in sharp spines.


Message History

The gnoll is struck by your spines. The gnoll completely misses you.
The gnoll is struck by your spines.
You kill the gnoll!
Your Conjurations skill increases to level 2!
You closely miss the gnoll.
The gnoll is severely wounded.
The gnoll barely misses you.
The gnoll hits you with a +0 short sword.
The gnoll attacks as you move away! The gnoll barely misses you.
You closely miss the gnoll.
The gnoll is lightly wounded.
The gnoll hits you with a +0 club.
You closely miss the gnoll.
The gnoll is lightly wounded.
The gnoll hits you with a +0 club. The gnoll is struck by your spines.
The gnoll closely misses you.
You barely miss the gnoll.
The gnoll is lightly wounded.
The gnoll is struck by your spines.
You kill the gnoll!
The gnoll misses you.
You have reached level 5!
Okay, then.
You closely miss the gnoll.
The gnoll is lightly wounded.
The gnoll is struck by your spines. The gnoll hits you but does no damage.
You closely miss the gnoll.
The gnoll is moderately wounded.
The kobold is struck by your spines.
The kobold hits you with a +0 short sword.
The gnoll hits you with a +0 club!
* * * LOW HITPOINT WARNING * * *
You hit the gnoll but do no damage.
The gnoll is moderately wounded.
The kobold is struck by your spines.
You kill the kobold!
The gnoll hits you with a +0 club.
* * * LOW HITPOINT WARNING * * *
The gnoll is struck by your spines. The gnoll hits you with a +0 club.
You die...

###########
###.........
.........# #####
#......# # #....
#......## ..
#....####.......#.#
#.#....#......).....#
#.............g@.##..
#...†.<†...))####
.......#.......#
................#
................#
.....!.....†......
.....##!........##
..... #.........#
#.... .........##


You could see a gnoll.

Vanquished Creatures
  3 gnolls (D:3)
  4 adders
  3 worms
  4 endoplasms
  2 giant cockroaches (D:2)
  8 goblins
  10 hobgoblins
  8 jackals
  4 kobolds
  A quokka (D:3)
  5 ball pythons
  4 bats
  2 frilled lizards
  7 rats
65 creatures vanquished.

Vanquished Creatures (others)
  295 foxfires
295 creatures vanquished.

Grand Total: 360 creatures vanquished

Notes
Turn   | Place    | Note
-------+----------+-------------------------------------------
     0 | D:1      | DemonSlayer the Demonspawn Fire Elementalist began the
                  | quest for the Orb.
     0 | D:1      | Reached XP level 1. HP: 13/13 MP: 3/3
   173 | D:1      | Gained mutation: You are partially covered in sharp spines.
                  | [demonic ancestry]
   173 | D:1      | Reached XP level 2. HP: 19/19 MP: 3/5
   183 | D:1      | Learned a level 2 spell: Scorch
  1036 | D:1      | Found a faded altar of an unknown god.
  1139 | D:1      | Discovered your monstrous ancestry.
  1139 | D:1      | Gained mutation: You have sharp fingernails. [demonic
                  | ancestry]
  1139 | D:1      | Reached XP level 3. HP: 16/24 MP: 0/6
  1578 | D:1      | Learned a level 3 spell: Conjure Flame
  2059 | D:2      | Reached XP level 4. HP: 30/30 MP: 1/8
  2090 | D:2      | HP: 1/30 [worm (11)]
  3734 | D:3      | Reached XP level 5. HP: 15/35 MP: 1/9
  3736 | D:3      | Slain by a gnoll

Illustrated notes

Levels and vault maps discovered:
D:1:      kennysheep_arrival_forest, layout_loops_cross, basic_ecumenical_altar,
          grunt_decor_cap
D:2:      wad_crossroads, layout_basic
D:3:      layout_rooms

Skill      XL: |  1  2  3  4 |
---------------+-------------+-----
Fire Magic     | 3 |  3.6
Stealth        | 2 |  2.4
Spellcasting   | 3 |  3.2
Conjurations   | 2 |  2.0
Fighting       | |  0.1
Short Blades   | |  0.1
Dodging        | |  1.9
Unarmed Combat | |  0.2

Action                   |  1- 3 |  4- 6 || total
-------------------------+-------+-------++-------
Melee: Unarmed           |    14 |       ||    14
       Short sword       |       |    29 ||    29
 Cast: Foxfire           |   113 |    78 ||   191
  Use: Potion            |     2 |       ||     2
       Scroll            |       |     7 ||     7
 Stab: Sleeping          |       |     1 ||     1
Armor: Robe              |     3 |     2 ||     5
       Skin              |     5 |       ||     5
Dodge: Dodged            |    14 |    12 ||    26
